 Dungeon Crawl Stone Soup version 0.20.1-1-g8b1a95d (webtiles) character file.

577 Necroz the Cudgeler (level 7, -12/47 HPs)
             Began as a Demonspawn Chaos Knight on July 12, 2017.
             Mangled by an ogre
             ... wielding a +0 giant spiked club
              (23 damage)
             ... on level 4 of the Dungeon.
             The game lasted 00:37:39 (5260 turns).

Necroz the Cudgeler (Demonspawn Chaos Knight)       Turns: 5260, Time: 00:37:40

Health: -12/47     AC:  7    Str: 13    XL:     7   Next: 13%
Magic:  7/7        EV: 13    Int: 14    God:    Xom [......]
Gold:   92         SH:  0    Dex: 15    Spells: 6/6 levels left

rFire    . . .     SeeInvis .   a - +0 mace (chaos)
rCold    . . .     Gourm    .   (no shield)
rNeg     + . .     Faith    .   b - +2 leather armour
rPois    .         Spirit   .   (helmet restricted)
rElec    .         Reflect  .   (no cloak)
rCorr    .         Harm     .   w - +0 pair of gloves
MR       .....                  (no boots)
Stlth    ++........             (no amulet)
Regen    0.2/turn               h - +1 ring of protection
MPRegen  0.1/turn               i - ring "Eneatasu" {rN+ Slay+2 Stlth+}

@: confused, slowed, very slow
A: antennae 2, agile 1, blurry vision 1, frail 1, powered by death 2
a: Renounce Religion


You were on level 4 of the Dungeon.
You worshipped Xom.
You were a very special plaything of Xom.
You were very hungry.

You visited 1 branch of the dungeon, and saw 4 of its levels.

You collected 92 gold pieces.

Inventory:

Hand Weapons
 a - a +0 mace of chaos (weapon)
 g - a +0 club
 j - a +0 mace
 k - a +0 mace
Armour
 b - a +2 leather armour (worn)
 m - a +0 ring mail
 r - a +0 pair of gloves
 t - a +0 leather armour
 w - a +0 pair of gloves (worn)
Jewellery
 h - a +1 ring of protection (left hand)
 i - the ring "Eneatasu" (right hand) {rN+ Slay+2 Stlth+}
   (You found it on level 4 of the Dungeon)

   [ring of positive energy]

   It affects your accuracy and damage with ranged weapons and melee attacks
   (+2).
   It protects you from negative energy.
   It makes you more stealthy.
 y - a +4 ring of protection
 z - an uncursed amulet of inaccuracy
Scrolls
 e - 2 scrolls of remove curse
 n - a scroll of recharging
 o - 2 scrolls of teleportation
Potions
 d - a potion of brilliance
 l - a potion of heal wounds {unknown}
 p - a potion of degeneration {unknown}
 s - 2 potions of curing {unknown}
 u - a potion of lignification {unknown}
 v - a potion of haste {unknown}
 x - 2 potions of resistance {unknown}
Comestibles
 c - 4 bread rations
 f - 2 royal jellies
 q - a meat ration


   Skills:
 + Level 3.8 Fighting
 + Level 5.4 Maces & Flails
 + Level 3.3 Armour
 + Level 3.0 Dodging
 + Level 1.8 Stealth


You had 6 spell levels left.
You didn't know any spells.

Dungeon Overview and Level Annotations

Branches:
Dungeon (4/15)
 Temple: D:4-7

Altars:


Innate Abilities, Weirdness & Mutations

You have a pair of antennae on your head.
You regenerate health from kills.
You are agile. (Dex +2)
Scrolls take you a little longer to read.
You are frail. (-10% HP)


Message History

You are engulfed in seething chaos.
An orc wizard comes into view. It is wielding a dagger.
The orc wizard shouts!
The orc wizard casts a spell at you.
You feel yourself slow down.
You closely miss the ogre.
You are feeling very hungry.
The ogre hits you with a giant spiked club!!
Ouch! That really hurt!
The orc wizard gestures wildly while chanting.
The orc wizard blinks!
The ogre hits you but does no damage.
Your leather armour prevents you from hitting the ogre.
Xom titters.
You are confused.
The ogre hits you with a giant spiked club!
* * * LOW HITPOINT WARNING * * *
You're too confused!
The ogre hits you with a giant spiked club!!
You die...
Xom snickers!

##....# #.....# #######
#....# ##.[...# #...#
##......## ###.#
#........# #.###........#
#.##.........##
#.##).........#
#.#..o.@O.....#
#.#...........#
#.............#
#...........###
#........).#############
#ยง.o....................
{{
#...#....######.......##
..o{{...########
###.....)...# ...###.##
##............


You could see an ogre, an orc priest (wandering) and an orc wizard.

Vanquished Creatures
  The ghost of archego the Cutter, an amateur HaWn (D:3)
  An ogre (D:4)
  6 orc priests
  2 orc wizards
  6 adders
  A worm (D:2)
  2 dart slugs
  A leopard gecko (D:2)
  8 orcs (D:3)
  5 giant cockroaches
  9 hobgoblins
  2 jackals (D:1)
  3 kobolds
  3 quokkas
  2 ball pythons (D:1)
  10 bats
  6 frilled lizards
  8 goblins
  8 rats
84 creatures vanquished.

Notes
Turn   | Place    | Note
-------+----------+-------------------------------------------
     0 | D:1      | Necroz the Demonspawn Chaos Knight began the quest for the Orb.
     0 | D:1      | Reached XP level 1. HP: 18/18 MP: 1/1
   132 | D:1      | Reached skill level 3 in Maces & Flails
   140 | D:1      | XOM: harmless Pois miscast
   249 | D:1      | You fall through a shaft!
   378 | D:2      | Gained mutation: You regenerate a little health from kills. [demonic ancestry]
   378 | D:2      | Reached XP level 2. HP: 19/24 MP: 2/2
   845 | D:2      | Reached skill level 1 in Dodging
   960 | D:2      | Gained mutation: You have a pair of small antennae on your head. [demonic ancestry]
   960 | D:2      | Reached XP level 3. HP: 29/29 MP: 3/3
  1037 | D:2      | XOM: harmless Pois miscast
  1458 | D:2      | XOM: divination: magic mapping
  1468 | D:2      | Found a faded altar of an unknown god.
  1539 | D:2      | XOM: harmless Conj miscast
  1696 | D:1      | XOM: give mutations
  1696 | D:1      | Gained mutation: You are agile. (Dex +2) [Xom's mischief]
  1696 | D:1      | Gained mutation: Scrolls take you a little longer to read. [Xom's mischief]
  1696 | D:1      | Gained mutation: You are frail. (-10% HP) [Xom's mischief]
  1763 | D:1      | XOM: harmless Summ miscast
  1990 | D:1      | Gained mutation: You regenerate health from kills. [demonic ancestry]
  1990 | D:1      | Reached XP level 4. HP: 31/31 MP: 4/4
  2308 | D:1      | Reached skill level 1 in Stealth
  2618 | D:2      | XOM: harmless Necr miscast
  2803 | D:3      | XOM: stealth player
  2847 | D:3      | Noticed archego's ghost (amateur HaWn)
  2849 | D:3      | XOM: noise
  2873 | D:3      | XOM: enchant monster (bad)
  2966 | D:3      | XOM: butterfly on damage
  3201 | D:3      | XOM: harmless Hex miscast
  3479 | D:3      | XOM: confuse monster(s)
  3489 | D:3      | Killed archego's ghost
  3489 | D:3      | Reached skill level 4 in Maces & Flails
  3489 | D:3      | Reached XP level 5. HP: 21/36 MP: 5/5
  3552 | D:3      | XOM: cloud trail
  3822 | D:3      | XOM: potion effect (agility)
  3827 | D:3      | Reached XP level 6. HP: 19/42 MP: 6/6
  3862 | D:3      | XOM: harmless Pois miscast
  4095 | D:3      | Reached skill level 5 in Maces & Flails
  4344 | D:3      | XOM: divination: magic mapping
  4499 | D:3      | XOM: cloud trail
  4558 | D:4      | XOM: butterfly on damage
  4637 | D:4      | XOM: silly message
  4822 | D:4      | XOM: cloud trail
  4847 | D:4      | Got a clouded copper ring
  4925 | D:4      | XOM: 3-stop teleportation journey
  4948 | D:4      | Identified the ring "Eneatasu" {rN+ Slay+2 Stlth+} (You found it on level 4 of the Dungeon)
  4989 | D:4      | XOM: blink monster(s)
  4995 | D:4      | Gained mutation: You have a pair of antennae on your head. [demonic ancestry]
  4995 | D:4      | Reached XP level 7. HP: 13/47 MP: 7/7
  5106 | D:4      | XOM: 3-stop teleportation journey
  5248 | D:4      | XOM: chaos cloud
  5259 | D:4      | XOM: confusion
  5260 | D:4      | Mangled by an ogre

Skill      XL: |  1  2  3  4  5  6 |
---------------+-------------------+-----
Maces & Flails | 3 4 5 |  5.4
Dodging        | 1 2 3 |  3.0
Armour         | 2 3 |  3.3
Stealth        | 1 |  1.8
Fighting       | |  3.8

Action                   |  1- 3 |  4- 6 |  7- 9 || total
-------------------------+-------+-------+-------++-------
Melee: Mace              |   121 |   197 |     2 ||   320
  Use: Scroll            |       |     4 |     1 ||     5
 Stab: Paralysed         |     3 |       |       ||     3
       Sleeping          |     2 |     2 |       ||     4
       Distracted        |       |     1 |       ||     1
  Eat: Chunk             |     3 |    10 |       ||    13
Armor: Leather armour    |    50 |    79 |     1 ||   130
Dodge: Dodged            |    72 |   145 |       ||   217
